 Dungeon Crawl Stone Soup version 0.28-a0-1199-gef9e1dbd39 (webtiles) character file.

Game seed: 8727871888216122999

237 sanka the Chopper (level 5, -2/43 HPs)
             Began as a Palentonga Abyssal Knight on Dec 19, 2021.
             Was a Believer of Lugonu.
             Slain by Blork the orc (9 damage)
             ... on level 4 of the Dungeon.
             The game lasted 00:03:48 (3632 turns).

sanka the Chopper (Palentonga Abyssal Knight)       Turns: 3632, Time: 00:03:48

Health: -2/43      AC:  4    Str: 19    XL:     5   Next: 77%
Magic:  6/6        EV:  9    Int: 10    God:    Lugonu [**....]
Gold:   175        SH:  0    Dex: 10    Spells: 4/4 levels left

rFire   . . .      SeeInvis +   j - +0 war axe (elec)
rCold   + . .      Faith    .   (no shield)
rNeg    . . .      Spirit   .   b - +0 leather armour
rPois   .          Reflect  .   (no helmet)
rElec   .          Harm     .   (no cloak)
rCorr   .          Rampage  .   (no gloves)
Will    .....                   (no barding)
Stlth   +.........              r - amulet of magic regeneration
HPRegen 0.14/turn               l - ring of protection from cold
MPRegen 0.50/turn               (no ring)

@: no status effects
A: large, rugged brown scales 3, see invisible, deformed body, roll 1, armoured
tail
a: Rolling Charge, Renounce Religion, Depart the Abyss, Bend Space


You were on level 4 of the Dungeon.
You worshipped Lugonu.
Lugonu was pleased with you.
You visited 1 branch of the dungeon, and saw 4 of its levels.
You visited the Abyss 1 time.

You collected 175 gold pieces.


Innate Abilities, Weirdness & Mutations

You are completely covered in rugged brown scales. (AC +3, +7% HP)
You have supernaturally acute eyesight. (SInv)
Armour fits poorly on your strangely shaped body.
You can roll at nearby foes to attack.
You have a long armoured tail.


   Skills:
 - Level 3.0 Fighting
 - Level 3.4 Long Blades
 + Level 4.8 Axes
 - Level 1.5 Armour
 - Level 0.7 Dodging
 - Level 2.0 Invocations


You had 4 spell levels left.
You didn't know any spells.
Your spell library contained the following spells:

 Spells                   Type           Power      Damage    Failure   Level
 Summon Small Mammal      Summ           0%         N/A       41%         1
 Call Canine Familiar     Summ           0%         N/A       80%         3
 Summon Guardian Golem    Hex/Summ       0%         N/A       80%         3
 Chain Lightning          Conj/Air       0%         N/A       100%        9
 Fire Storm               Conj/Fire      0%         5d1       100%        9
 Shatter                  Erth           0%         3d5*      100%        9

Inventory:

Hand Weapons
 a - a +1 falchion
 j - a +0 war axe of electrocution (weapon)
Armour
 b - a +0 leather armour (worn)
Jewellery
 l - a ring of protection from cold (left hand)
 r - an amulet of magic regeneration (around neck)
Wands
 g - a wand of iceblast (7)
Scrolls
 d - a scroll of noise {unknown}
 e - 2 scrolls of identify {unknown}
 f - a scroll of blinking {unknown}
 h - 2 scrolls of amnesia {unknown}
 i - a scroll of fog {unknown}
 m - a scroll of vulnerability {unknown}
 n - a scroll of enchant armour {unknown}
 o - a scroll of silence {unknown}
 q - 2 scrolls of teleportation {unknown}
Potions
 c - a potion of heal wounds {unknown}
 k - a potion of ambrosia {unknown}
 p - a potion of brilliance {unknown}

Dungeon Overview and Level Annotations

Branches:
Dungeon (4/15)
 Temple: D:4-7

Altars:

Annotations:
D:4 Blork the orc

▒......▒.....>. ▒....▒
▒▒▒▒▒....▒▒▒▒▒
..............
.▒▒.)....▒..▒▒
..<.▒▒..▒▒▒... ▒
.....▒..▒▒▒▒▒▒. ...
............▒▒▒▒▒▒▒....▒
...............°HoZ..>..
.<..........▒▒▒▒▒▒▒...<▒
▒▒▒...▒▒....▒ ..▒
▒...▒▒....▒ ▒
▒..▒▒▒....▒ ▒.▒▒ ▒....▒
▒▒▒ ▒....▒ .....▒ ▒▒▒▒▒▒


You could see Blork the orc and a hound skeleton.


Message History

There are monsters nearby!
There are monsters nearby!
Blork the orc points at you and mumbles some strange words.
The magic dart hits you.
Blork the orc gestures at you while chanting.
The magic dart hits you.
Blork the orc sings a few bars from the Orcish anthem.
You slash the hobgoblin!
You kill the hobgoblin!
Lugonu accepts your kill.
Found a stone staircase leading up.
Blork the orc gestures at you while chanting.
The puff of frost hits you. You resist.
You see here a hobgoblin corpse.
You roll forward with a clatter of scales!
You closely miss Blork the orc.
A hound skeleton comes into view.
Blork the orc hits you with a +0 battleaxe.
You hit Blork the orc but do no damage.
Blork the orc hits you with a +0 battleaxe!
* * * LOW HITPOINT WARNING * * *
Blork the orc hits you with a +0 battleaxe!
* * * LOW HITPOINT WARNING * * *
You closely miss Blork the orc. Blork the orc closely misses you.
Unknown command.
You barely miss Blork the orc.
Blork the orc hits you with a +0 battleaxe!
You die...

Action                   |  1- 3 |  4- 6 || total
-------------------------+-------+-------++-------
Melee: Falchion          |    45 |       ||    45
       Tailslap          |     4 |     8 ||    12
       War axe           |    38 |    78 ||   116
Invok: Bend Space        |     1 |       ||     1
 Abil: Rolling Charge    |    10 |     4 ||    14
  Use: Potion            |     1 |       ||     1
Armor: Leather armour    |    35 |    23 ||    58
Dodge: Dodged            |    51 |    36 ||    87

Levels and vault maps discovered:
D:1:      kilobyte_arrival_exit_the_forest, layout_rooms, basic_ecumenical_altar
D:2:      kennysheep_the_goblin_king, layout_basic
D:3:      layout_basic
D:4:      cheibrodos_quashed, layout_rooms, biasface_ghost_orc_armoury,
          grunt_tough_drop, uniq_blork_the_orc

Notes
Turn   | Place    | Note
-------+----------+-------------------------------------------
     0 | Abyss:1  | sanka the Palentonga Abyssal Knight began the quest for the
                  | Orb.
     0 | Abyss:1  | Reached XP level 1. HP: 19/19 MP: 2/2
     9 | D:1      | Escaped the Abyss
   219 | D:1      | Found a faded altar of an unknown god.
   229 | D:1      | Reached XP level 2. HP: 24/25 MP: 3/3
   237 | D:1      | Reached skill level 3 in Long Blades
   567 | D:1      | Reached ** piety under Lugonu
   949 | D:2      | Noticed Ijyb
   954 | D:2      | Reached XP level 3. HP: 31/31 MP: 4/4
   962 | D:2      | HP: 2/31 [Ijyb (3)]
   963 | D:2      | Killed Ijyb
   964 | D:2      | Reached skill level 2 in Axes
  1537 | D:2      | Reached XP level 4. HP: 7/37 MP: 5/5
  1541 | D:2      | HP: 3/37 [poisoned by an adder]
  2362 | D:3      | Reached skill level 3 in Axes
  2447 | D:3      | Reached XP level 5. HP: 30/43 MP: 6/6
  2705 | D:3      | Reached skill level 4 in Axes
  3620 | D:4      | Noticed Blork the orc
  3632 | D:4      | Slain by Blork the orc

Vanquished Creatures
  2 orc wizards (D:3)
  Ijyb (D:2)
  4 gnolls
  5 adders
  4 dart slugs
  5 orcs (D:3)
  3 bats
  7 endoplasms
  3 giant cockroaches
  8 goblins
  5 hobgoblins
  2 kobolds
  A quokka (D:1)
  4 ball pythons
  3 frilled lizards
  4 rats
61 creatures vanquished.

Vanquished Creatures (others)
  An orc wizard (D:3)
1 creature vanquished.

Grand Total: 62 creatures vanquished
